 Dungeon Crawl Stone Soup version 0.15.1-1-gfacfea3 (webtiles) character file.

718 Johnny the Slasher (level 8, -12/61 HPs)
             Began as a Human Berserker on Sept 25, 2014.
             Was a Priest of Trog.
             Mangled by an ogre
             ... wielding a +0 giant club
              (25 damage)
             ... on Level 5 of the Dungeon.
             The game lasted 00:09:29 (3848 turns).

Johnny the Slasher (Human Berserker)                Turns: 3848, Time: 00:09:29

HP -12/61        AC 10     Str 18      XL: 8   Next:  1%
MP  10/10        EV  6     Int  5 (8)  God: Trog [***...]
Gold 230         SH  4     Dex 14      Spells:  0 memorised,  7 levels left

rFire  + . .     SeeInvis .     z - +0 long sword
rCold  . . .     Clarity  .     b - -1 chain mail "Guwnodade" {+Inv rElec rF+ Slay-1 Curse}
rNeg   . . .     rCorr    .     s - +0 buckler
rPois  .         rRot     .     (no helmet)
rElec  +         Spirit   .     (no cloak)
SustAb .         Warding  .     w - +0 pair of gloves
rMut   +         Stasis   .     e - +0 pair of boots
Gourm  .                        u - amulet of resist mutation
MR     ++...                    (no ring)
                                p - +5 ring of slaying

@: regenerating, drained, very resistant to hostile enchantments, extremely
unstealthy
A: no striking features
a: Burn Spellbooks, Berserk, Trog's Hand, Renounce Religion, Evoke Invisibility


You were on level 5 of the Dungeon.
You worshipped Trog.
Trog was most pleased with you.
You were near starving.

You visited 1 branch of the dungeon, and saw 5 of its levels.

You collected 230 gold pieces.

Inventory:

Hand weapons
 a - a +0 falchion
 v - a +0 falchion
 z - a +0 long sword (weapon)
Armour
 b - the cursed -1 chain mail "Guwnodade" (worn) {+Inv rElec rF+ Slay-1 Curse}
   (You found it on level 5 of the Dungeon)

   It affects your accuracy and damage with ranged weapons and melee attacks
   (-1).
   It protects you from fire.
   It insulates you from electricity.
   It lets you turn invisible.
   It may recurse itself when equipped.
   It has a curse placed upon it.
 e - a +0 pair of boots (worn)
 k - a +0 ring mail
 s - a +0 buckler (worn)
 w - a +0 pair of gloves (worn)
Magical devices
 j - a wand of draining (0)
 m - a wand of flame (8) {unknown}
 D - a wand of random effects (9)
Comestibles
 c - 2 bread rations
 f - a slice of pizza
 g - 3 fruits
 r - a meat ration
Scrolls
 d - a scroll of noise
 h - a scroll of immolation
 l - 2 scrolls of teleportation
 n - a scroll of enchant weapon
 t - 3 scrolls of blinking
 x - a scroll of enchant armour
 y - a scroll of fog
 C - a scroll of remove curse
 E - a scroll of amnesia
Jewellery
 p - a +5 ring of slaying (left hand)
 u - an amulet of resist mutation (around neck)
Potions
 i - 2 potions of restore abilities
 o - a potion of poison
 q - a potion of agility


   Skills:
 * Level 4.8(4.0) Fighting
 * Level 5.0(4.3) Long Blades
 * Level 3.9(3.2) Armour
 * Level 4.2(3.5) Dodging
 + Level 1.7(1.0) Shields
 + Level 2.0(1.3) Evocations


You had 7 spell levels left.
You didn't know any spells.

Dungeon Overview and Level Annotations

Branches:
Dungeon (5/15)
 Temple: D:4-7

Altars:
Dithmenos
Nemelex Xobeh
Sif Muna
Xom
Zin
The Shining One


Message History

You feel resistant to hostile enchantments.
You feel slightly more hungry.
You can no longer call in reinforcements.
The ogre hits you with a giant club!
You hit the ogre.
The ogre is moderately wounded.
The ogre completely misses you.
Unknown command.
You slash the ogre!
The ogre is severely wounded.
Your chain mail "Guwnodade" prevents you from hitting the ogre.
The ogre is severely wounded.
The ogre hits you with a giant club!
* * * LOW HITPOINT WARNING * * *
Evoke which item? (* to show all) (? for menu, Esc to quit)
Zapping:
j - a wand of draining {zapped: 3}
Press: ? - help, Shift-Dir - straight line, f - ogre
Aim: an ogre, wielding a giant club (severely wounded) Nothing appears to happen.
The ogre hits you with a giant club!!
You die...

..#......#....#..###+##.......#..
..#######.....+...[..###'###..+..
...# #....##..##..##...###+#..
...#### #....##..##.......#....#'
#.....# #.................'....+.
.####.# #.................#....#.
.# #.# #...###..##.....>.#....#.
.# ##.####'####..##..##...#....##
.###...##.......@###+##...######
.##.....##.......O...#.....#
.#.......#...........+.....#
....._.....+####+###+##...######
.#.......#..##........##'##....#
.##.....##...+.................##
.###...##....#...................
.# ##.#####'##.).................
.# #...#........................


You could see an ogre.

Vanquished Creatures
  A sky beast (D:5)
  An ogre (D:4)
  A centaur (D:5)
  A phantom (D:5)
  A scorpion (D:5)
  A crimson imp (D:4)
  3 worker ants
  10 adders
  4 worms
  An orc skeleton (D:4)
  5 giant geckos
  2 oozes
  7 orcs
  A bat skeleton (D:4)
  6 giant cockroaches
  7 goblins
  8 hobgoblins
  7 jackals
  6 kobolds
  2 quokkas
  11 bats
  5 giant newts
  A hobgoblin skeleton (D:4)
  A kobold skeleton (D:5)
  11 rats
104 creatures vanquished.

Notes
Turn   | Place    | Note
--------------------------------------------------------------
     0 | D:1      | Johnny, the Human Berserker, began the quest for the Orb.
     0 | D:1      | Reached XP level 1. HP: 18/18 MP: 1/1
   178 | D:1      | Reached XP level 2. HP: 21/24 MP: 2/2
   601 | D:1      | Acquired Trog's second power
   634 | D:1      | Reached XP level 3. HP: 29/29 MP: 3/3
   922 | D:2      | Reached XP level 4. HP: 20/35 MP: 4/4
  1314 | D:2      | Found a glowing silver altar of Zin.
  1827 | D:3      | Found a glowing golden altar of the Shining One.
  2093 | D:3      | Reached XP level 5. HP: 38/42 MP: 5/5
  2484 | D:4      | Reached skill level 4 in Long Blades
  2743 | D:4      | Reached XP level 6. HP: 34/48 MP: 6/6
  2776 | D:4      | HP: 1/48 [worker ant (7)]
  2781 | D:4      | HP: 1/48 [poisoned by a worker ant]
  2897 | D:4      | Acquired Trog's third power
  2946 | D:4      | Noticed an ogre
  2951 | D:4      | Killed an ogre
  2951 | D:4      | Reached skill level 1 in Evocations
  3034 | D:5      | Entered Level 5 of the Dungeon
  3060 | D:5      | Found a shadowy altar of Dithmenos.
  3098 | D:5      | Got a faintly humming chain mail
  3109 | D:5      | Identified the cursed -1 chain mail "Guwnodade" {+Inv rElec rF+ Slay-1 Curse} (You found it on level 5 of the Dungeon)
  3156 | D:5      | Reached skill level 1 in Shields
  3156 | D:5      | Reached XP level 7. HP: 48/55 MP: 8/8
  3266 | D:5      | Noticed a sky beast
  3279 | D:5      | Killed a sky beast
  3595 | D:5      | Received a gift from Trog
  3634 | D:5      | Found a deep blue altar of Sif Muna.
  3634 | D:5      | Found a shimmering altar of Xom.
  3642 | D:5      | Reached skill level 5 in Long Blades
  3642 | D:5      | Reached XP level 8. HP: 61/61 MP: 8/10
  3645 | D:5      | Found a sparkling altar of Nemelex Xobeh.
  3848 | D:5      | Mangled by an ogre

Action                   |  1- 3 |  4- 6 |  7- 9 || total
-------------------------+-------+-------+-------++-------
Melee: Falchion          |   103 |    51 |       ||   154
       Long sword        |       |    95 |    68 ||   163
Invok: Berserk           |     1 |     2 |     2 ||     5
       Trog's Hand       |       |     2 |     3 ||     5
       Burn Spellbooks   |       |       |     2 ||     2
Evoke: Wand              |       |     5 |       ||     5
  Use: Scroll            |       |     9 |       ||     9
       Potion            |       |     8 |       ||     8
  Eat: Chunk             |     1 |    10 |     2 ||    13
       Fruit             |       |       |     2 ||     2
